cohdb
Replays
Latest Replays
All Replays
Popular Replays
Top Player Replays
Match Explorer
How It Works
Community
CoH3 Stats
Reddit
Sign in to upload your games and track your stats! →
Sign in with Steam
Match 43505183
Unlisted
Match 43505183
Overview
Messages
Build Orders
End
Vickers Machine Gun Team
Construct Section Command Post
Selects Canadian Shock Battlegroup
Dingo Light Scout Car
Infantry Section
Infantry Section
Royal Engineer Section
Construct Platoon Command Post
Humber Armored Car
Selects Attacking Spirit
Selects Canadian Shock Section
Selects Incendiary Munitions
Canadian Shock Section
6-pounder Anti-tank Gun Team
Grenade Package
Selects Pyrotechnics
Royal Engineer Section
Infantry Training
Unlock Bishop Self-propelled Artillery
Canadian Shock Section
Bishop Self-propelled Artillery
Bishop Self-propelled Artillery
Construct Company Command Post
Selects Smoke Operation
Smoke Operation
Crusader II Medium Tank
Selects Churchill Crocodile Heavy Tank
Crusader II Medium Tank
Churchill Crocodile Heavy Tank
Crusader II Medium Tank
Smoke Operation
Canadian Shock Section
Smoke Operation
Royal Engineer Section
Royal Engineer Section
Smoke Operation
Axziom
Oddrat
MrAdam
STEEL BRO
0
0
Comments
sign in to comment!
No comments posted yet!